 Dungeon Crawl Stone Soup version 0.28.0-53-g5a82cb258f (webtiles) character file.

Game seed: 637814850355114537

50 ILmort the Vandal (level 4, 0/34 HPs)
             Began as a Formicid Hunter on Aug 3, 2022.
             Succumbed to an adder's poison
             ... on level 4 of the Dungeon.
             The game lasted 00:06:21 (1002 turns).

ILmort the Vandal (Formicid Hunter)                 Turns: 1002, Time: 00:06:22

Health: 0/34       AC:  5    Str: 17    XL:     4   Next: 4%
Magic:  4/4        EV: 11    Int: 10    God:
Gold:   59         SH:  0    Dex: 13    Spells: 3/3 levels left

rFire   . . .      SeeInvis +   a - +1 hunting sling
rCold   . . .      Faith    .   (no shield)
rNeg    . . .      Spirit   .   j - +0 ring mail
rPois   .          Reflect  .   (helmet unavailable)
rElec   .          Harm     .   (no cloak)
rCorr   .          Rampage  .   (no gloves)
Will    +....                   (no boots)
Stlth   +.........              (no amulet)
HPRegen 0.11/turn               f - ring of willpower
MPRegen 0.09/turn               (no ring)

@: lethally poisoned (0 -> -4)
A: permanent stasis, dig shafts and tunnels, antennae 3, four strong arms
a: Dig, Shaft Self


You were on level 4 of the Dungeon.
You visited 1 branch of the dungeon, and saw 4 of its levels.

You collected 59 gold pieces.

Inventory:

Hand Weapons
 a - a +1 hunting sling (weapon)
 b - a +0 short sword
Missiles
 d - 8 sling bullets (quivered ammo)
 i - 29 arrows
Armour
 c - a +0 leather armour
 e - a +0 buckler
 j - a +0 ring mail (worn)
 l - a +0 pair of gloves
Jewellery
 f - a ring of willpower (left hand)
Scrolls
 k - a scroll of enchant weapon {unknown}
Potions
 g - a potion of mutation {unknown}
 h - 2 potions of curing {unknown}


   Skills:
 + Level 2.9 Fighting
 + Level 4.8 Slings
 + Level 2.3 Dodging
 + Level 2.4 Stealth


You had 3 spell levels left.
You didn't know any spells.
Your spell library was empty.

Dungeon Overview and Level Annotations

Branches:
Dungeon (4/15)
 Temple: D:4-7

Altars:
Elyvilon

Annotations:
D:2 1 runed translucent door, Crazy Yiuf


Innate Abilities, Weirdness & Mutations

You cannot be hasted, slowed, berserked, paralysed or teleported.
You can dig through walls and to a lower floor.
You have a pair of large antennae on your head. (SInv)
Your four strong arms can wield two-handed weapons with a shield.


Message History

You see here a sling bullet.
d - 8 sling bullets (gained 1)
The gnoll hits you from afar with a +0 spear.
The ball python bites you but does no damage.
The ball python grabs you. The ball python constricts you.
The gnoll barely misses you.
You escape the ball python's grasp.
A jelly comes into view.
The jelly quivers.
The gnoll hits you from afar with a +0 spear.
The worm closely misses you. The adder bites you.
Things that are here:
a +0 short sword; a murky puce potion; 2 sling bullets The gnoll closely misses you.
The adder bites you.
The ball python bites you but does no damage.
The ball python completely misses you. The adder bites you.
You are poisoned.
The adder poisons you! The gnoll barely misses you.
The ball python closely misses you. The ball python misses you.
There is a stone staircase leading up here.
You feel sick. The adder closely misses you. The ball python barely misses you.
The ball python grabs you.
You stop ascending the stairs.
The ball python constricts you. The gnoll hits you but does no damage.
The adder bites you.
You are more poisoned.
The adder poisons you!
You escape the ball python's grasp.
You feel sick. The gnoll completely misses you.
The ball python barely misses you. The ball python grabs you.
You stop ascending the stairs.
The ball python constricts you. The adder barely misses you.
You escape the ball python's grasp.
You feel sick. The adder bites you.
* * * LOW HITPOINT WARNING * * *
The gnoll hits you from afar with a +0 spear.
* * * LOW HITPOINT WARNING * * *
The ball python barely misses you. The ball python grabs you.
You stop ascending the stairs.
The ball python constricts you.
You escape the ball python's grasp.
You die...

##...# .....# ....
.....#......# .J...
##...#......# #>.......
##...#......# #........
##...#......# #........
.)...#......#######........
.....#...........S........#
##...#..........@SJ.......#
##'###...........wg.......#
.....#....................#
.....#..............(.....#
##...'.....................
#...#......#####+#...^....
#...#......# +........
#...+......# { #........
#...#......# #........


You could see a worm, a jelly, a gnoll, an adder and a ball python.

Vanquished Creatures
  3 gnolls (D:2)
  An adder skeleton (D:4)
  A dart slug (D:2)
  2 endoplasms (D:2)
  A giant cockroach (D:4)
  2 goblins (D:2)
  2 hobgoblins
  2 kobolds
  2 quokkas (D:4)
16 creatures vanquished.

Notes
Turn   | Place    | Note
-------+----------+-------------------------------------------
     0 | D:1      | ILmort the Formicid Hunter began the quest for the Orb.
     0 | D:1      | Reached XP level 1. HP: 16/16 MP: 1/1
    39 | D:1      | You fall into a shaft and drop 1 floor!
   142 | D:2      | Reached XP level 2. HP: 11/17 MP: 2/2
   151 | D:2      | Reached XP level 3. HP: 14/24 MP: 3/3
   439 | D:2      | Found a runed translucent door.
   440 | D:2      | Noticed Crazy Yiuf
   740 | D:2      | You fall into a shaft and drop 2 floors!
   757 | D:4      | Found a white marble altar of Elyvilon.
   980 | D:4      | Reached XP level 4. HP: 31/34 MP: 4/4
  1001 | D:4      | HP: 1/34 [gnoll/+0 spear (5)]
  1002 | D:4      | Succumbed to an adder's poison

Illustrated notes

Levels and vault maps discovered:
D:1:      ebering_trefoil_3fold, layout_loops_cross,
          shapermc_ecumenical_altar_mp_vishouse, serial_shops, shop
D:2:      layout_loops_ring, uniq_crazy_yiuf_cottage
D:3:      layout_basic, kennysheep_generic_room_12, uniq_natasha
D:4:      layout_gridville, mainiacjoe_overflow_alcove_2,
          minmay_temple_entry_large_hall, serial_shops, nicolae_square_shop,
          roderic_batcave, uniq_grinder

Skill      XL: |  1  2 |
---------------+-------+-----
Dodging        | 2 |  2.3
Stealth        | 2 |  2.4
Fighting       | |  2.9
Slings         | |  4.8

Action                   |  1- 3 |  4- 6 || total
-------------------------+-------+-------++-------
 Fire: Hunting sling     |    39 |     3 ||    42
 Abil: Dig               |     1 |       ||     1
       Shaft Self        |     1 |       ||     1
Armor: Ring mail         |    12 |     4 ||    16
Dodge: Dodged            |    34 |    14 ||    48
